 Dungeon Crawl Stone Soup version 0.27-a0-1200-g94dc6ad4cf (webtiles) character file.

Game seed: 8564008254934625607

13888 Iscandelvey the Destroyer (level 11, 46/68 HPs)
             Began as a Demonspawn Fire Elementalist on Jan 6, 2021.
             Was an Initiate of Gozag.
             Quit the game on level 1 of the Lair of Beasts on June 1, 2021.
             The game lasted 01:58:33 (20782 turns).

Iscandelvey the Destroyer (DsFE)                   Turns: 20782, Time: 01:58:33

Health: 46/68      AC: 14    Str: 14    XL:     11   Next: 81%
Magic:  18/23      EV: 14    Int: 21    God:    Gozag
Gold:   3421       SH:  0    Dex: 19    Spells: 21/26 levels left

rFire    + . .     SeeInvis .   Q - +4 halberd
rCold    . . .     Faith    .   (shield currently unavailable)
rNeg     . . .     Spirit   +   m - +0 ring mail
rPois    .         Reflect  .   H - +0 helmet
rElec    .         Harm     .   C - +1 cloak
rCorr    .         Rampage  .   G - +0 pair of gloves
Will     .....                  K - +0 pair of boots
Stlth    ++........             (no amulet)
HPRegen  0.21/turn              P - +6 ring of dexterity
MPRegen  0.18/turn              u - +6 ring of strength

@: gold aura
A: hooves 2, thin metallic scales 1, fire resistance 1, magic shield
a: Renounce Religion, Potion Petition, Call Merchant, Bribe Branch


You were on level 1 of the Lair of Beasts.
You worshipped Gozag.
Gozag was most pleased with you.
You visited 2 branches of the dungeon, and saw 12 of its levels.
You also visited: Bailey.

You collected 3702 gold pieces.
You spent 208 gold pieces at shops.
You paid 73 gold pieces to Gozag.

Inventory:

Hand Weapons
 z - the +2 mace "Ucvaos" {flame, rElec rF+ rN+ Dex+4}
   (You found it on level 5 of the Dungeon)

   It has been specially enchanted to burn those struck by it, causing extra
   injury to most foes and up to half again as much damage against particularly
   susceptible opponents.
   It affects your dexterity (+4).
   It protects you from fire.
   It insulates you from electricity.
   It protects you from negative energy.
 J - a +5 hand axe
 Q - a +4 halberd (weapon)
Missiles
 d - 182 arrows
 f - 296 stones
 k - 38 poisoned darts (quivered)
 w - 5 throwing nets
 F - 39 bolts
Armour
 l - a +0 buckler
 m - a +0 ring mail (worn)
 C - a +1 cloak (worn)
 G - a +0 pair of gloves (worn)
 H - a +0 helmet (worn)
 K - a +0 pair of boots (worn)
 Y - the +1 leather armour of Hepliaklqana's Reproof {rC++ Will++ Str-4}
   (You found it on level 9 of the Dungeon)

   It affects your strength (-4).
   It greatly protects you from cold.
   It greatly increases your willpower.
Jewellery
 h - a ring of poison resistance
 q - a ring of willpower
 t - a -4 ring of dexterity
 u - a +6 ring of strength (right hand)
 D - a ring of wizardry
 P - a +6 ring of dexterity (left hand)
Wands
 g - a wand of digging (5)
 I - a wand of paralysis (4)
 O - a wand of acid (5)
 T - a wand of flame (46)
 U - a wand of removedness (14)
Scrolls
 c - 8 scrolls of removedness
 j - 5 scrolls of blinking
 n - a scroll of identify
 p - 4 scrolls of teleportation
 r - 4 scrolls of enchant weapon
 x - a scroll of fear
 y - 2 scrolls of magic mapping
 A - 2 scrolls of fog
 E - a scroll of vulnerability {unknown}
 V - 3 scrolls of amnesia
 Z - a scroll of enchant armour {unknown}
Potions
 a - 3 potions of curing
 b - 2 potions of flight
 e - 4 potions of lignification
 i - a potion of berserk rage {unknown}
 o - a potion of brilliance {unknown}
 s - 2 potions of attraction {unknown}
 v - a potion of might
 N - 2 potions of mutation {unknown}
 X - a potion of resistance {unknown}
Miscellaneous
 R - a lightning rod (1/4)


   Skills:
 - Level 3.6 Throwing
 + Level 5.5 Armour
 + Level 5.9 Dodging
 - Level 4.7 Stealth
 + Level 4.4 Shields
 * Level 8.3 Spellcasting
 * Level 8.9 Conjurations
 * Level 8.7 Fire Magic


You had 21 spell levels left.
You knew the following spells:

 Your Spells              Type           Power      Damage    Failure   Level
a - Foxfire               Conj/Fire      100%       2x1d9     1%          1
b - Conjure Flame         Conj/Fire      45%        6-21      1%          3
c - Summon Small Mammal   Summ           32%        N/A       14%         1

Your spell library contained the following spells:

 Spells                   Type           Power      Damage    Failure   Level
 Sticky Flame             Conj/Fire      45%        2d6       4%          4
 Inner Flame              Hex/Fire       27%        N/A       8%          3
 Fireball                 Conj/Fire      22%        3d10      11%         5
 Animate Skeleton         Necr           16%        N/A       14%         1
 Apportation              Tloc           16%        N/A       14%         1
 Corona                   Hex            8%         N/A       14%         1


Dungeon Overview and Level Annotations

Branches:
Dungeon (11/15)            Temple (0/1) D:5            Lair (1/6) D:10
    Orc (0/2) D:11         Bailey (visited)

Altars:
Fedhas
Gozag
Hepliaklqana
Kikubaaqudgha
Makhleb
Sif Muna
Uskayaw
Yredelemnul

Shops:
D:8 ?

Annotations:
Lair:1 3 runed translucent doors


Innate Abilities, Weirdness & Mutations

You have hoof-like feet.
You are partially covered in thin metallic scales. (AC +2)
Your flesh is heat resistant. (rF+)
When hurt, damage is shared between your health and your magic reserves.


Message History

Your bat barely misses the komodo dragon.
Your bat hits the komodo dragon but does no damage.
The komodo dragon bites you.
Your rat bites the komodo dragon but does no damage.
The komodo dragon closely misses you.
Your rat bites the komodo dragon.
You barely miss the komodo dragon.
The komodo dragon is heavily wounded.
Your bat barely misses the komodo dragon.
The komodo dragon misses you.
Your rat bites the komodo dragon but does no damage.
Your bat hits the komodo dragon but does no damage.
You strike the helpless komodo dragon from behind!
You puncture the komodo dragon!
The komodo dragon is almost dead.
Your bat hits the komodo dragon but does no damage.
The komodo dragon bites you but does no damage.
Your rat completely misses the komodo dragon.
The komodo dragon bites you but does no damage.
Your rat closely misses the komodo dragon.
You hit the komodo dragon.
The komodo dragon is almost dead.
Your bat hits the komodo dragon but does no damage.
The komodo dragon bites you but does no damage.
Your rat closely misses the komodo dragon.
Your bat hits the komodo dragon.
The komodo dragon dies!
You now have 3421 gold pieces (gained 12).
Your bat disappears in a puff of smoke!
k - 38 poisoned darts (gained 1) Save game and exit?
Level annotation: 3 runed translucent doors Welcome back, Iscandelvey the Demonspawn Fire Elementalist.
Gozag says: Greed is good.
Press ? for a list of commands and other information.
Save game and exit?
Level annotation: 3 runed translucent doors Welcome back, Iscandelvey the Demonspawn Fire Elementalist.
Gozag says: Greed is good.
Press ? for a list of commands and other information.
Are you sure you want to abandon this character and quit the game? (Confirm with "yes".)

....................(. ........
.....................#..
............≈≈≈≈≈.............###
.............≈≈................#.
..........≈.≈≈...................
.................................
..)......=.......................
.............................###.
....##..........@r............#..
#...##...........................
##...#...........#...............
###........................^.....
###........#######...#...........
...........#. #..##...#.......
.....#.....#$.. #..###..........
...###.....+..♣. #..............
...###.....+.... #..............


You could see a friendly rat (summoned).

Vanquished Creatures
  2 two-headed ogres
  Pikel (D:7)
  2 centaur zombies (D:10)
  A cane toad (Lair:1)
  4 komodo dragons
  Grinder (D:6)
  A vampire (D:10)
  22 yaks
  A basilisk (Lair:1)
  3 humans
  4 water moccasins
  Duvessa (D:7)
  6 sky beasts
  3 orc warriors
  2 ice beasts
  3 black bears
  2 necrophages
  4 phantoms
  An ogre (D:7)
  3 centaurs
  A lemure (D:7)
  A kobold brigand (D:9)
  8 bullfrogs
  8 gnoll sergeants (Bailey)
  Dowan (D:7)
  2 water moccasin skeletons
  A scorpion (D:6)
  8 wights
  4 howler monkeys
  6 electric eels (D:11)
  A bullfrog zombie (D:6)
  7 orc priests
  6 hounds
  6 gnoll shamans (Bailey)
  A bullfrog skeleton (D:5)
  2 jellies
  9 orc wizards
  4 iguanas
  7 removed worker ants
  A hound skeleton (D:4)
  14 adders
  17 gnolls
  3 white imps
  3 adder skeletons
  An adder zombie (D:9)
  2 worms (D:3)
  A dart slug (D:2)
  30 orcs
  7 removed leopard geckos
  7 giant cockroaches
  9 goblins
  5 hobgoblins
  15 jackals
  4 quokkas
  5 bats (D:2)
  3 frilled lizards
  A jackal zombie (D:6)
  11 kobolds
  A quokka zombie (D:7)
  4 rats
  A removed leopard gecko skeleton (D:4)
295 creatures vanquished.

Vanquished Creatures (collateral kills)
  A komodo dragon (Lair:1)
  2 foxfires
3 creatures vanquished.

Vanquished Creatures (others)
  1163 foxfires
  44 plants
1207 creatures vanquished.

Grand Total: 1505 creatures vanquished

Notes
Turn   | Place    | Note
-------+----------+-------------------------------------------
     0 | D:1      | Iscandelvey the Demonspawn Fire Elementalist began the
                  | quest for the Orb.
     0 | D:1      | Reached XP level 1. HP: 13/13 MP: 3/3
   403 | D:1      | Gained mutation: You have large cloven feet. [demonic
                  | ancestry]
   403 | D:1      | Reached XP level 2. HP: 19/19 MP: 5/5
  1297 | D:2      | Reached XP level 3. HP: 17/24 MP: 2/6
  2609 | D:3      | Reached XP level 4. HP: 30/30 MP: 0/7
  3668 | D:3      | Found a shimmering blue altar of Sif Muna.
  3728 | D:4      | Found an opulent altar of Gozag.
  3739 | D:4      | Became a worshipper of Gozag Ym Sagoz the Greedy
  3843 | D:4      | Found an ancient bone altar of Kikubaaqudgha.
  3852 | D:4      | Reached skill level 1 in Armour
  3852 | D:4      | Reached XP level 5. HP: 35/35 MP: 2/9
  3856 | D:4      | Reached skill level 1 in Throwing
  4645 | D:4      | Gained mutation: You have hoof-like feet. [demonic
                  | ancestry]
  4645 | D:4      | Reached XP level 6. HP: 41/41 MP: 1/10
  4828 | D:4      | Found a blossoming altar of Fedhas.
  5016 | D:4      | Learned a level 3 spell: Conjure Flame
  5214 | D:5      | Entered Level 5 of the Dungeon
  5247 | D:5      | Found a staircase to the Ecumenical Temple.
  5260 | D:5      | Got a polished mace
  5261 | D:5      | Identified the +2 mace "Ucvaos" {flame, rElec rF+ rN+
                  | Dex+4} (You found it on level 5 of the Dungeon)
  5387 | D:5      | Found a burning altar of Makhleb.
  5837 | D:5      | Noticed a sky beast
  5873 | D:5      | Killed a sky beast
  5936 | D:5      | Learned a level 1 spell: Summon Small Mammal
  6549 | D:6      | Noticed a human
  6553 | D:6      | Noticed a human
  6554 | D:6      | Gained mutation: When hurt, damage is shared between your
                  | health and your magic reserves. [demonic ancestry]
  6554 | D:6      | Reached XP level 7. HP: 40/46 MP: 6/12
  6646 | D:4      | Killed a human
  6860 | D:5      | Killed a human
  7269 | D:6      | Gained mutation: You are partially covered in thin metallic
                  | scales. (AC +2) [demonic ancestry]
  7269 | D:6      | Reached XP level 8. HP: 52/52 MP: 7/14
  7671 | D:6      | Reached skill level 5 in Fire Magic
  7787 | D:6      | Noticed Grinder
  7949 | D:6      | Killed Grinder
  8427 | D:5      | Reached skill level 5 in Spellcasting
  8427 | D:5      | Reached skill level 5 in Conjurations
  8896 | D:6      | Noticed a -3 hand axe
  8897 | D:6      | Noticed a +0 dagger
  8918 | D:6      | Found a hide-covered altar of Uskayaw.
  9050 | D:7      | Noticed Duvessa
  9052 | D:7      | Noticed Dowan
  9141 | D:7      | Reached XP level 9. HP: 51/57 MP: 3/16
  9673 | D:7      | Noticed Pikel
  9888 | D:7      | Killed Pikel
  9889 | D:7      | Reached skill level 1 in Shields
  9907 | D:7      | Found a hazy altar of Hepliaklqana.
  9908 | D:7      | Found a basalt altar of Yredelemnul.
 10295 | D:7      | Killed Duvessa
 10299 | D:7      | Killed Dowan
 10541 | D:8      | Noticed a centaur warrior
 10658 | D:8      | Noticed a two-headed ogre
 12008 | D:8      | Reached XP level 10. HP: 59/63 MP: 11/19
 12376 | D:8      | Found Isec's Magic Scroll Shop.
 13721 | D:9      | Got a slimy leather armour
 13732 | D:9      | Identified the +1 leather armour of Hepliaklqana's Reproof
                  | {rC++ Will++ Str-4} (You found it on level 9 of the
                  | Dungeon)
 13837 | D:10     | Entered Level 10 of the Dungeon
 14546 | D:10     | Noticed a two-headed ogre
 14560 | D:10     | Killed a two-headed ogre
 14561 | D:10     | Reached skill level 5 in Dodging
 14954 | D:10     | Found a staircase to the Lair.
 15279 | D:11     | Noticed a two-headed ogre
 15310 | D:11     | Found a flagged portal.
 15316 | Bailey   | Entered a bailey
 16140 | Bailey   | Identified the cursed +1 mace of the Thieving Pariah
                  | {vorpal, Stlth+}
 16174 | Bailey   | Gained mutation: Your flesh is heat resistant. (rF+)
                  | [demonic ancestry]
 16174 | Bailey   | Reached XP level 11. HP: 32/68 MP: 9/21
 17706 | D:11     | Found a staircase to the Orcish Mines.
 17962 | D:11     | Killed a two-headed ogre
 17963 | D:11     | Reached skill level 5 in Armour
 18083 | D:11     | Noticed a brown ugly thing
 18540 | D:8      | Bought a scroll of teleportation for 48 gold pieces
 18540 | D:8      | Bought a scroll of teleportation for 48 gold pieces
 18540 | D:8      | Bought a scroll of identify for 32 gold pieces
 18540 | D:8      | Bought a scroll of identify for 32 gold pieces
 18540 | D:8      | Bought a scroll of teleportation for 48 gold pieces
 18709 | Lair:1   | Entered Level 1 of the Lair of Beasts
 19539 | Lair:1   | Found a runed translucent gate.
 19541 | Lair:1   | Found a runed translucent gate.
 19542 | Lair:1   | Found a runed translucent gate.
 20197 | D:10     | Upgraded the game from 0.27-a0-46-g34d46f0a3f to
                  | 0.27-a0-103-g6cd7b45605
 20358 | Lair:1   | Upgraded the game from 0.27-a0-103-g6cd7b45605 to
                  | 0.27-a0-498-g7ecbb0a48f
 20360 | Lair:1   | Upgraded the game from 0.27-a0-498-g7ecbb0a48f to
                  | 0.27-a0-1090-gb115f176c6
 20386 | Lair:1   | HP: 1/68 [komodo dragon (6)]
 20782 | Lair:1   | Upgraded the game from 0.27-a0-1090-gb115f176c6 to
                  | 0.27-a0-1200-g94dc6ad4cf
 20782 | Lair:1   | Quit the game

Illustrated notes

Levels and vault maps discovered:
D:1:      psy_arrival_dodecagon, layout_basic
D:2:      layout_basic, kennysheep_crisscross
D:3:      layout_basic, marbit_many_paths, serial_glass, glass_columns_a,
          glass_columns_c, glass_columns_a, glass_columns_a, glass_columns_c,
          glass_columns_a, due_unseen_surprise, feat_on_display,
          feat_on_display, kennysheep_cross_room
D:4:      layout_basic, kennysheep_mini_moat, nicolae_overflow_crystal_walls,
          kiku_gazebo_pond_becter
D:5:      layout_basic, makhleb_blood_cavern_becter,
          minmay_temple_entry_statues_pillars
D:6:      layout_rooms, dancing_weapons_uskayaw, minmay_ruffians, uniq_grinder
D:7:      layout_basic, chequers_temple_overflow_statue_of_worship, uniq_pikel,
          uniq_duvessa
D:8:      layout_gridville, serial_shops, nicolae_shop_waterfront,
          nicolae_sextant, grunt_ministairs_2, worms_lemuel
D:9:      layout_basic
D:10:     layout_loops_ring, david_lair_shrubbed, kennysheep_potato
D:11:     layout_basic, orc_0_dummy, enter_bailey_3
Lair:1:   layout_cave_shapes, ebering_ghost_rock_garden,
          chequers_serial_rivers_micro_c, beast_lair_carwin_3,
          serial_bayou_shore_b, grunt_megastairs_4

Skill      XL: |  1  2  3  4  5  6  7  8  9 10 11 |
---------------+----------------------------------+-----
Stealth        | 2 3 4 |  4.7
Fire Magic     | 3 4 5 6 7 8 |  8.7
Dodging        | 2 3 4 5 |  5.9
Armour         | 1 2 3 4 5 |  5.5
Conjurations   | 2 3 4 5 6 7 8 |  8.9
Throwing       | 1 2 3 |  3.6
Spellcasting   | 3 4 5 6 7 8 |  8.3
Shields        | 2 3 4 |  4.4

Action                   |  1- 3 |  4- 6 |  7- 9 | 10-12 || total
-------------------------+-------+-------+-------+-------++-------
Melee: Club              |    17 |    14 |       |       ||    31
       Unarmed           |     4 |       |       |       ||     4
       Hand axe          |       |    32 |       |       ||    32
       Mace              |       |    15 |   135 |   275 ||   425
       Halberd           |       |       |       |   160 ||   160
 Fire: Hunting sling     |    13 |       |       |       ||    13
Throw: Dart              |       |     8 |    19 |   137 ||   164
       Stone             |       |       |       |     1 ||     1
       Throwing net      |       |       |       |     1 ||     1
 Cast: Foxfire           |    93 |   100 |   324 |   240 ||   757
       Conjure Flame     |       |     4 |     2 |    22 ||    28
       Summon Small Mamm |       |       |       |    23 ||    23
Evoke: Wand              |       |       |       |    12 ||    12
       Lightning rod     |       |       |       |     4 ||     4
  Use: Scroll            |       |     1 |    12 |    11 ||    24
       Potion            |       |       |       |     4 ||     4
 Stab: Sleeping          |     1 |       |     1 |     3 ||     5
       Paralysed         |       |       |       |    10 ||    10
       Distracted        |       |       |       |     5 ||     5
Armor: Robe              |    12 |    12 |       |       ||    24
       Leather armour    |       |    14 |    26 |       ||    40
       Ring mail         |       |       |    89 |   231 ||   320
Dodge: Dodged            |    28 |    52 |   199 |   439 ||   718

Table legend: (Time is in decaauts)
 A = Elapsed time spent in this place.
 B = Non-inter-level travel time spent in this place.
 C = Inter-level travel time spent in this place.
 D = Time resting spent in this place.
 E = Time spent auto-exploring this place.
 F = Levels seen in this place.
 G = Mean time per level.
                   A        B        C        D        E       F      G
               +--------+--------+--------+--------+--------+-----+--------+
         Total |  21083 |  19853 |   1230 |   7445 |   7120 |  13 | 1621.8 |
       Dungeon |  18058 |  16855 |   1203 |   5905 |   6815 |  11 | 1641.6 |
          Lair |   1269 |   1242 |     27 |    660 |    165 |   1 | 1269.0 |
        Bailey |   1755 |   1755 |      0 |    880 |    140 |   1 | 1755.0 |
               +--------+--------+--------+--------+--------+-----+--------+

Top non-repeatable levels by time:
    D:10: 2865 daAuts
     D:7: 1991 daAuts
     D:5: 1977 daAuts
     D:8: 1972 daAuts
  Bailey: 1755 daAuts
     D:3: 1581 daAuts
     D:6: 1564 daAuts
     D:4: 1538 daAuts
     D:1: 1281 daAuts
  Lair:1: 1269 daAuts
     D:2: 1216 daAuts
     D:9: 1166 daAuts
    D:11: 902 daAuts
